 Dungeon Crawl Stone Soup version 0.27-a0-1591-gc56fcc985a (webtiles) character file.

Game seed: 4768630731969562577

77 Sweetruy1997 the Chopper (level 4, -2/61 HPs)
             Began as a Minotaur Berserker on July 19, 2021.
             Was a Believer of Trog.
             Slain by a gnoll (13 damage)
             ... on level 2 of the Dungeon.
             The game lasted 00:05:06 (2234 turns).

Sweetruy1997 the Chopper (Minotaur Berserker)       Turns: 2234, Time: 00:05:07

Health: -2/61      AC: 11    Str: 22    XL:     4   Next: 13%
Magic:  3/3        EV:  2    Int:  4    God:    Trog [**....]
Gold:   33         SH: 11    Dex: 10    Spells: 3/3 levels left

rFire    + . .     SeeInvis .   a - +0 hand axe
rCold    x . .     Faith    .   i - +0 tower shield
rNeg     . . .     Spirit   .   g - +0 plate armour
rPois    .         Reflect  .   (helmet restricted)
rElec    .         Harm     .   (no cloak)
rCorr    .         Rampage  .   (no gloves)
Will     ++...                  (no boots)
Stlth    ..........             (no amulet)
HPRegen  1.20/turn              e - ring of fire
MPRegen  0.08/turn              (no ring)

@: berserking, strong-willed, regenerating, very quick
A: horns 2, retaliatory headbutt
a: Renounce Religion, Berserk, Trog's Hand


You were on level 2 of the Dungeon.
You worshipped Trog.
Trog was pleased with you.
You visited 1 branch of the dungeon, and saw 2 of its levels.

You collected 33 gold pieces.

Inventory:

Hand Weapons
 a - a +0 hand axe (weapon)
Armour
 g - a +0 plate armour (worn)
 i - a +0 tower shield (worn)
Jewellery
 e - a ring of fire (left hand)
Scrolls
 b - a scroll of identify {unknown}
 c - 2 scrolls of blinking {unknown}
 h - a scroll of noise {unknown}
Potions
 d - 2 potions of heal wounds {unknown}
 f - a potion of curing {unknown}


   Skills:
 + Level 4.4 Fighting
 + Level 4.9 Axes
 + Level 2.9 Armour
 + Level 2.6 Dodging
 + Level 0.1 Stealth
 + Level 0.1 Shields


You had 3 spell levels left.
You didn't know any spells.
Your spell library was empty.

Dungeon Overview and Level Annotations

Branches:
Dungeon (2/15)

Altars:


Innate Abilities, Weirdness & Mutations

You have a pair of horns on your head.
You reflexively headbutt those who attack you in melee.


Message History

The gnoll hits you but does no damage. The adder bites you but does no damage.
The gnoll hits you with a +0 flail. You block the gnoll's attack.
The gnoll hits you but does no damage.
You feel sick. You block the gnoll's attack.
There is an open door here.
You feel sick. You block the adder's attack.
You feel sick.
You miss the adder.
The adder is almost dead.
You feel sick.
You are no longer poisoned.
The adder bites you.
You are poisoned.
The adder poisons you! You block the adder's attack.
Your skin crawls.
You feel strong-willed.
You feel sick. You block the adder's attack.
You miss the adder.
The adder is almost dead.
You feel sick. The adder bites you but does no damage.
The gnoll hits you from afar with a +0 halberd.
* * * LOW HITPOINT WARNING * * *
You block the adder's attack.
The gnoll hits you from afar with a +0 halberd.
* * * LOW HITPOINT WARNING * * *
A red film seems to cover your vision as you go berserk!
You feel yourself moving faster!
You feel mighty!
You feel sick.
You are no longer poisoned.
The adder bites you.
* * * LOW HITPOINT WARNING * * *
You block the gnoll's attack. The adder bites you but does no damage.
Your shield and plate armour prevent you from hitting the adder.
The adder is almost dead.
You block the gnoll's attack. You block the adder's attack.
You closely miss the adder.
The adder is almost dead.
The adder bites you.
* * * LOW HITPOINT WARNING * * *
The gnoll hits you from afar with a +0 halberd!
You die...

.. +.........
#)#........ .#
#........#####.#.#######
##.#
+..............#.##.....
...#
#.........####....#.##.#
...# #.........#
#.####.##.. ...#
#.....gg..# #.# #.####
...# #######g#.# #.# #.#
...# #S# # #.# #.#
...####.# #@# #.# #.#
........# #.# #.# #.#
...###### #.# #. #.#
..## #.# #.#### '## #.#
#..... .# #.# ##.##
###### .# #.# #...#
###### # .# #.# #.#
#...# #..>.# # .####.##
#.# #...# ###....####


You could see 3 gnolls and an adder.

Vanquished Creatures
  2 adders (D:2)
  A dart slug (D:1)
  4 endoplasms
  5 goblins
  4 hobgoblins
  8 jackals
  10 kobolds (D:1)
  4 quokkas
  3 ball pythons
  4 bats
  4 frilled lizards (D:1)
  3 rats
  2 bushes (D:1)
54 creatures vanquished.

Vanquished Creatures (others)
  5 plants (D:1)
5 creatures vanquished.

Grand Total: 59 creatures vanquished

Notes
Turn   | Place    | Note
-------+----------+-------------------------------------------
     0 | D:1      | Sweetruy1997 the Minotaur Berserker began the quest for the
                  | Orb.
     0 | D:1      | Reached XP level 1. HP: 19/19 MP: 0/0
   154 | D:1      | Reached XP level 2. HP: 20/27 MP: 1/1
   680 | D:1      | Found a faded altar of an unknown god.
   741 | D:1      | Reached XP level 3. HP: 29/33 MP: 2/2
  1010 | D:1      | Reached ** piety under Trog
  1807 | D:2      | Reached XP level 4. HP: 33/41 MP: 3/3
  2234 | D:2      | Slain by a gnoll

Illustrated notes

Levels and vault maps discovered:
D:1:      dpeg_arrival_round_a, layout_rooms, hellmonk_ecumenical_altar_run_dry,
          lexackson_kobold_supper
D:2:      layout_basic, hangedman_glass_teeth

Skill      XL: |  1  2 |
---------------+-------+-----
Fighting       | 4 |  4.4
Axes           | 4 |  4.9
Armour         | |  2.9
Dodging        | |  2.6
Stealth        | |  0.1
Shields        | |  0.1

Action                   |  1- 3 |  4- 6 || total
-------------------------+-------+-------++-------
Melee: Hand axe          |   193 |    16 ||   209
       Headbutt          |    44 |     4 ||    48
Invok: Berserk           |     1 |     1 ||     2
       Trog's Hand       |       |     1 ||     1
Armor: Animal skin       |    12 |       ||    12
       Plate armour      |    36 |    15 ||    51
Dodge: Dodged            |    72 |     1 ||    73
Block: Tower shield      |    13 |    15 ||    28

Table legend: (Time is in decaauts)
 A = Elapsed time spent in this place.
 B = Non-inter-level travel time spent in this place.
 C = Inter-level travel time spent in this place.
 D = Time resting spent in this place.
 E = Time spent auto-exploring this place.
 F = Levels seen in this place.
 G = Mean time per level.
                   A        B        C        D        E       F      G
               +--------+--------+--------+--------+--------+-----+--------+
         Total |   2274 |   2176 |     98 |    515 |   1226 |   2 | 1137.0 |
       Dungeon |   2274 |   2176 |     98 |    515 |   1226 |   2 | 1137.0 |
               +--------+--------+--------+--------+--------+-----+--------+

Top non-repeatable levels by time:
     D:1: 1394 daAuts
     D:2: 880 daAuts
